 Dungeon Crawl Stone Soup version 0.20.1-1-g8b1a95d (webtiles) character file.

69 myopia the Ruffian (level 4, -1/44 HPs)
             Began as a Troll Monk on Jan 2, 2018.
             Slain by myopia's ghost (9 damage)
             ... on level 3 of the Dungeon.
             The game lasted 00:04:06 (1580 turns).

myopia the Ruffian (Troll Monk)                     Turns: 1580, Time: 00:04:07

Health: -1/44      AC:  5    Str: 19    XL:     4   Next: 2%
Magic:  3/3        EV: 10    Int:  6    God:
Gold:   135        SH:  0    Dex: 13    Spells: 3/3 levels left

rFire    . . .     SeeInvis .     - Unarmed
rCold    . . .     Gourm    +   (no shield)
rNeg     + . .     Faith    .   a - +0 robe
rPois    .         Spirit   .   (helmet restricted)
rElec    .         Reflect  .   (no cloak)
rCorr    .         Harm     .   (gloves unavailable)
MR       .....                  (boots unavailable)
Stlth    ++........             (no amulet)
Regen    0.6/turn               f - ring of positive energy
MPRegen  0.1/turn               (no ring)

@: no status effects
A: unfitting armour, claws 3, fast metabolism 3, gourmand, regeneration 1,
shaggy fur 1, tough skin 2
a: no special abilities


You were on level 3 of the Dungeon.
You were full.

You visited 1 branch of the dungeon, and saw 3 of its levels.

You collected 135 gold pieces.

Inventory:

Missiles
 j - 72 stones (quivered)
Armour
 a - a +0 robe (worn)
Jewellery
 f - a ring of positive energy (left claw)
Scrolls
 c - 3 scrolls of magic mapping {unknown}
 d - 2 scrolls of random uselessness {unknown}
 e - 2 scrolls of remove curse {unknown}
 i - a scroll of fear {unknown}
 k - a scroll of recharging {unknown}
Potions
 h - a potion of flight {unknown}
 l - 4 potions of curing {unknown}
 m - a potion of agility {unknown}
 o - a potion of lignification {unknown}
Comestibles
 b - 3 bread rations
 g - a royal jelly
 n - a meat ration


   Skills:
 - Level 2.4 Fighting
 - Level 2.4 Dodging
 - Level 1.0 Stealth
 + Level 4.9 Unarmed Combat


You had 3 spell levels left.
You didn't know any spells.

Dungeon Overview and Level Annotations

Branches:
Dungeon (3/15)

Altars:
Okawaru

Annotations:
D:3 myopia's ghost, amateur GrGl


Innate Abilities, Weirdness & Mutations

You are too large for most types of armour.
You have claws for hands.
Your metabolism is lightning-fast.
You like to eat raw meat.
Your natural rate of healing is unusually fast.
You are covered in fur. (AC +1)
You have very tough skin. (AC +2)


Message History

Myopia's ghost is heavily damaged.
Myopia's ghost hits you!
You are too injured to fight recklessly!
You are too injured to fight recklessly!
You are too injured to fight recklessly!
There is a stone staircase leading up here.
You scratch myopia's ghost.
Myopia's ghost is severely damaged.
Myopia's ghost hits you.
You scratch myopia's ghost.
Myopia's ghost is almost destroyed.
Myopia's ghost misses you.
You scratch myopia's ghost.
Myopia's ghost is almost destroyed.
Myopia's ghost hits you!
* * * LOW HITPOINT WARNING * * *
You barely miss myopia's ghost.
Myopia's ghost is almost destroyed.
Myopia's ghost hits you!
You die...

....?.........
...........#.#
.........#.#
####.........##
(.............?
#.......#
#....<..# .
#.....W.###....
##....(@.......
##...##.#.....
##... .# ....
...#. .. ###
#......... ##..
...... ...
..... ......


You could see myopia's ghost.

Vanquished Creatures
  An adder (D:3)
  2 worms (D:2)
  4 dart slugs
  A leopard gecko (D:2)
  3 giant cockroaches
  8 goblins
  8 hobgoblins
  7 kobolds
  4 bats
  3 frilled lizards
  2 rats (D:2)
  A plant (D:2)
44 creatures vanquished.

Notes
Turn   | Place    | Note
-------+----------+-------------------------------------------
     0 | D:1      | myopia the Troll Monk began the quest for the Orb.
     0 | D:1      | Reached XP level 1. HP: 22/22 MP: 0/0
   239 | D:1      | Reached XP level 2. HP: 29/29 MP: 1/1
   357 | D:1      | Reached skill level 4 in Unarmed Combat
   685 | D:2      | Reached XP level 3. HP: 36/36 MP: 2/2
   881 | D:2      | Found an iron altar of Okawaru.
  1102 | D:2      | Found a faded altar of an unknown god.
  1559 | D:3      | Noticed myopia's ghost (amateur GrGl)
  1565 | D:3      | Reached XP level 4. HP: 30/44 MP: 3/3
  1580 | D:3      | Slain by myopia's ghost

Skill      XL: |  1  2 |
---------------+-------+-----
Unarmed Combat | 4 |  4.9
Fighting       | |  2.4
Dodging        | |  2.4
Stealth        | |  1.0

Action                   |  1- 3 |  4- 6 || total
-------------------------+-------+-------++-------
Melee: Unarmed           |   136 |    12 ||   148
       Punch             |     1 |     1 ||     2
 Stab: Sleeping          |     4 |       ||     4
  Eat: Chunk             |    17 |       ||    17
Armor: Robe              |    45 |     1 ||    46
Dodge: Dodged            |    43 |     5 ||    48
